 Dungeon Crawl Stone Soup version 0.26-a0-1025-g006ef2cfcc (webtiles) character file.

Game seed: 17173821714841327355

422 Ijustatesigmund the Chopper (level 6, 0/44 HPs)
             Began as an Octopode Fighter on Dec 9, 2020.
             Slain by a sky beast (6 damage)
             ... on level 5 of the Dungeon.
             The game lasted 00:05:59 (3303 turns).

Ijustatesigmund the Chopper (Octopode Fighter)      Turns: 3303, Time: 00:06:00

Health: 0/44       AC:  1    Str: 15    XL:     6   Next: 95%
Magic:  6/6        EV: 12    Int: 16    God:
Gold:   137        SH: 10    Dex: 14    Spells: 5/5 levels left

rFire    . . .     SeeInvis .   a - +0 war axe
rCold    . . .     Faith    .   b - +1 kite shield
rNeg     . . .     Spirit   .   (helmet restricted)
rPois    .         Reflect  .   (no amulet)
rElec    .         Harm     .   j - +6 ring of intelligence
rCorr    .         Rampage  .   (no ring)
Will     .....                  (no ring)
Stlth    ++........             (no ring)
HPRegen  0.14/turn              (no ring)
MPRegen  0.10/turn              (no ring)
                                (no ring)
                                (no ring)

@: no status effects
A: almost no armour, stealthy swim, amphibious, 8 rings, constrict 8, camouflage
1, gelatinous body 1
a: no special abilities


You were on level 5 of the Dungeon.
You visited 1 branch of the dungeon, and saw 4 of its levels.
You also visited: Sewer.

You collected 137 gold pieces.

Inventory:

Hand Weapons
 a - a +0 war axe (weapon)
Armour
 b - a +1 kite shield (worn)
Jewellery
 e - an uncursed ring of fire
 j - a +6 ring of intelligence (left tentacle)
Scrolls
 d - 2 scrolls of identify
 f - 2 scrolls of immolation
 k - a scroll of fog {unknown}
Potions
 c - a potion of might
 g - a potion of curing
 h - a potion of berserk rage
 i - 2 potions of invisibility


   Skills:
 + Level 4.6 Fighting
 + Level 6.2 Axes
 - Level 3.0 Dodging
 - Level 3.0 Shields


You had 5 spell levels left.
You didn't know any spells.
Your spell library contained the following spells:

 Spells                   Type           Power        Failure   Level
 Magic Dart               Conj           #...         75%         1
 Searing Ray              Conj           #.....       87%         2
 Dazzling Flash           Conj/Hex       #.....       98%         3
 Fulminant Prism          Conj/Hex       #.........   100%        4
 Iskenderun's Mystic Bla  Conj/Tloc      #.......     100%        4


Dungeon Overview and Level Annotations

Branches:
Dungeon (3/15)              Sewer (visited)

Altars:
Gozag
Makhleb

Shops:
D:2 *


Innate Abilities, Weirdness & Mutations

You cannot wear most types of armour.
You are very stealthy in the water. (Stealth+)
You are amphibious.
You can wear up to eight rings at the same time.
You can use your tentacles to constrict eight enemies at once.
Your skin changes colour to match your surroundings (Stealth+).
Your rubbery body absorbs attacks. (AC +1, EV +1)


Message History

No target in view!
No target in view!
No target in view!
No target in view!
No target in view!
No target in view!
No target in view!
No target in view!
No target in view!
No target in view!
No target in view!
No target in view!
You hit something. Something hits you. Something shocks you.
You miss something. Something hits you. Something shocks you.
Something hits you. Something shocks you.
* * * LOW HITPOINT WARNING * * *
You slash something! Something hits you.
* * * LOW HITPOINT WARNING * * *
Something shocks you.
You die...

.# #..#.#.##.#
#.......# .#
#....#^##.#
######### .#
#.####.##.##########
.## #.#
#...........# ..#
#.# ###########.#
#.## #.# ..# #.#
#.)# #.# #.# #.#
##.###.# #{# #.#
[......# #@# #.#
##..##.# #!# #.#
###.##.# #.# #.#
†....#.# #.# #.#
####.#.# #.# #.#
#....)# #.######.#
#.##..# #........#
#. #.># ########## #
####


There were no monsters in sight!

Vanquished Creatures
  A centaur (D:5)
  A howler monkey (D:5)
  2 centaur skeletons (D:5)
  2 worker ants
  An orc wizard (D:3)
  Robin (D:2)
  3 gnolls (D:2)
  4 adders
  An ufetubus (D:3)
  An adder zombie (D:5)
  A worm (D:2)
  3 dart slugs
  3 leopard geckos
  9 orcs
  3 giant cockroaches
  10 goblins
  7 hobgoblins
  8 kobolds
  2 quokkas
  A ball python (D:2)
  6 bats
  4 frilled lizards (D:1)
  6 rats
80 creatures vanquished.

Notes
Turn   | Place    | Note
-------+----------+-------------------------------------------
     0 | D:1      | Ijustatesigmund the Octopode Fighter began the quest for
                  | the Orb.
     0 | D:1      | Reached XP level 1. HP: 16/16 MP: 1/1
   139 | D:1      | Reached XP level 2. HP: 21/21 MP: 2/2
   259 | D:1      | Reached skill level 3 in Axes
   594 | D:1      | Reached XP level 3. HP: 26/26 MP: 3/3
   736 | D:2      | Noticed Robin
   745 | D:2      | Killed Robin
   746 | D:2      | Reached skill level 4 in Axes
  1024 | D:2      | Reached XP level 4. HP: 18/31 MP: 4/4
  1425 | D:2      | Found an opulent altar of Gozag.
  1429 | D:2      | Found Gozag's Platinum Reserve.
  2167 | D:3      | Reached skill level 5 in Axes
  2190 | D:3      | Reached XP level 5. HP: 36/36 MP: 5/5
  2675 | D:3      | You fall into a shaft and drop 2 floors!
  2675 | D:5      | Entered Level 5 of the Dungeon
  2677 | D:5      | Found a glowing drain.
  2682 | Sewer    | Entered a sewer
  2717 | Sewer    | Noticed Purgy
  2897 | D:5      | Reached XP level 6. HP: 43/43 MP: 6/6
  3039 | D:5      | Found a burning altar of Makhleb.
  3046 | D:5      | Reached skill level 6 in Axes
  3295 | D:5      | Noticed a sky beast
  3303 | D:5      | Slain by a sky beast

Illustrated notes

Levels and vault maps discovered:
D:1:      shiori_shiawase, layout_basic
D:2:      layout_loops_ring, nicolae_gozag_zags_fifth_avenue, uniq_robin
D:3:      layout_basic
D:5:      layout_basic, bloody_makhleb, portal_sewer_entry_e, uniq_ijyb

Skill      XL: |  1  2  3  4  5  6 |
---------------+-------------------+-----
Axes           | 3 4 5 6 |  6.2
Fighting       | 4 |  4.6
Dodging        | |  3.0
Shields        | |  3.0

Action                   |  1- 3 |  4- 6 || total
-------------------------+-------+-------++-------
Melee: War axe           |    45 |   107 ||   152
       Constrict         |    10 |    24 ||    34
       Tentacles         |     5 |    17 ||    22
  Use: Scroll            |     2 |     4 ||     6
       Potion            |     1 |     1 ||     2
 Stab: Sleeping          |     5 |     7 ||    12
Armor: Skin              |     2 |     5 ||     7
Dodge: Dodged            |    23 |    54 ||    77
Block: Kite shield       |    20 |    38 ||    58

Table legend: (Time is in decaauts)
 A = Elapsed time spent in this place.
 B = Non-inter-level travel time spent in this place.
 C = Inter-level travel time spent in this place.
 D = Time resting spent in this place.
 E = Time spent auto-exploring this place.
 F = Levels seen in this place.
 G = Mean time per level.
                   A        B        C        D        E       F      G
               +--------+--------+--------+--------+--------+-----+--------+
         Total |   3359 |   3335 |     24 |    750 |   1977 |   5 |  671.8 |
       Dungeon |   3216 |   3192 |     24 |    750 |   1977 |   4 |  804.0 |
         Sewer |    143 |    143 |      0 |      0 |      0 |   1 |  143.0 |
               +--------+--------+--------+--------+--------+-----+--------+

Top non-repeatable levels by time:
     D:2: 1307 daAuts
     D:1: 876 daAuts
     D:3: 539 daAuts
     D:5: 493 daAuts
   Sewer: 143 daAuts
